 Dungeon Crawl Stone Soup version 0.21-a0-591-g2314aa1 (webtiles) character file.

65 4thArraOfDagon the Skirmisher (level 4, 0/40 HPs)
             Began as a Hill Orc Air Elementalist on Dec 22, 2017.
             Was a Follower of Okawaru.
             Succumbed to an adder's poison
             ... on level 3 of the Dungeon.
             The game lasted 00:05:52 (846 turns).

4thArraOfDagon the Skirmisher (HOAE)                 Turns: 846, Time: 00:05:53

Health: 0/40       AC:  2    Str: 10    XL:     4   Next: 14%
Magic:  1/6        EV: 12    Int: 16    God:    Okawaru [*.....]
Gold:   70         SH:  0    Dex: 11    Spells: 5/6 levels left

rFire    . . .     SeeInvis .   h - +0 spear
rCold    . . .     Gourm    .   (no shield)
rNeg     . . .     Faith    .   a - +0 robe
rPois    .         Spirit   .   (no helmet)
rElec    .         Reflect  .   (no cloak)
rCorr    .         Harm     .   (no gloves)
MR       .....                  (no boots)
Stlth    +.........             (no amulet)
HPRegen  0.13/turn              f - ring of loudness (curse)
MPRegen  0.10/turn              (no ring)

@: lethally poisoned (0 -> -6), berserk cooldown, slowed, invisible, very slow
A: no striking features
a: Heroism, Renounce Religion


You were on level 3 of the Dungeon.
You worshipped Okawaru.
Okawaru was aware of your devotion.
You were not hungry.

You visited 1 branch of the dungeon, and saw 3 of its levels.

You collected 70 gold pieces.

Inventory:

Hand Weapons
 h - a +0 spear (weapon)
Armour
 a - a +0 robe (worn)
 d - a +2 cloak
Jewellery
 f - a cursed ring of loudness (left hand)
Scrolls
 i - a scroll of random uselessness
Potions
 e - a potion of haste
Books
 b - a book of Air

   Spells                             Type                      Level
   a - Shock                          Conjuration/Air              1
   b - Swiftness                      Charms/Air                   2
   c - Static Discharge               Conjuration/Air              3
   d - Airstrike                      Air                          4
   e - Lightning Bolt                 Conjuration/Air              5
Comestibles
 c - 3 rations
 k - a chunk of flesh


   Skills:
 + Level 4.2 Fighting
 - Level 1.5 Dodging
 - Level 1.5 Stealth
 - Level 1.5 Spellcasting
 - Level 1.0 Conjurations
 - Level 2.4 Air Magic
 + Level 1.0 Invocations


You had 5 spell levels left.
You knew the following spells:

 Your Spells              Type           Power        Failure   Level  Hunger
a - Shock                 Conj/Air       #...         11%         1    ##.....


Dungeon Overview and Level Annotations

Branches:
Dungeon (3/15)

Altars:
Okawaru
Vehumet


Message History

* * * LOW HITPOINT WARNING * * *
You feel sick.
You see here an adder corpse.
You butcher the adder corpse.
You feel a strong urge to attack something.
* * * LOW HITPOINT WARNING * * *
You feel sick.
You see here 2 chunks of flesh.
You feel your anger nearly subside.
* * * LOW HITPOINT WARNING * * *
You feel sick.
You are no longer berserk.
You are exhausted.
You feel yourself slow down.
* * * LOW HITPOINT WARNING * * *
You feel sick.
Unknown command.
It was a potion of invisibility.
You fade into invisibility!
You die...

###
#.############################
#..........................†..
#.############################
#.# #......########### #.#
#%####............ #.#
###.#########....... #.#
#..@....... #.###### #.#
#.#......## #.# #.#
#.#.......# #.# #<# #
##......#.#.# #.# .>....#.#.##
### #.# ......#.#.#. ... #.#
......#.#†#.#...
##.###########
#######.#.#.....
#............# #.#.#.....


There were no monsters in sight!

Vanquished Creatures
  3 adders
  A dart slug (D:2)
  A bat (D:1)
  3 giant cockroaches
  7 goblins
  6 hobgoblins
  3 jackals (D:3)
  2 ball pythons (D:1)
  3 frilled lizards
  4 kobolds
  A rat (D:3)
34 creatures vanquished.

Vanquished Creatures (others)
  A hobgoblin (D:2)
1 creature vanquished.

Grand Total: 35 creatures vanquished

Notes
Turn   | Place    | Note
-------+----------+-------------------------------------------
     0 | D:1      | 4thArraOfDagon the Hill Orc Air Elementalist began the quest for the Orb.
     0 | D:1      | Reached XP level 1. HP: 14/14 MP: 3/3
    19 | D:1      | Reached skill level 1 in Fighting
   107 | D:1      | Reached XP level 2. HP: 3/24 MP: 0/4
   107 | D:1      | Reached skill level 2 in Fighting
   388 | D:2      | Found a faded altar of an unknown god.
   401 | D:1      | Reached skill level 3 in Fighting
   401 | D:1      | Reached XP level 3. HP: 31/31 MP: 0/5
   515 | D:2      | Became a worshipper of Warmaster Okawaru
   515 | D:2      | Reached * piety under Okawaru
   570 | D:2      | Found a radiant altar of Vehumet.
   728 | D:3      | Reached skill level 4 in Fighting
   839 | D:3      | Reached skill level 1 in Invocations
   839 | D:3      | Reached XP level 4. HP: 6/40 MP: 0/6
   845 | D:3      | HP: 1/40 [poisoned by an adder]
   846 | D:3      | Succumbed to an adder's poison

Vault maps used:
D:1:      dpeg_arrival_arbitrary_c
D:2:      fiery_altar_vehumet, lemuel_round_altar,
          lemuel_zombie_altar_kikubaaqudgha, serial_corexii_hall,
          corexii_hall_statues_s, corexii_hall_statues_u,
          chequers_ecumenical_altar_island, kennysheep_nub, uniq_terence,
          uniq_natasha
D:3:      elyvilon_altar_5, kennysheep_generic_room_7

Skill      XL: |  1  2  3 |
---------------+----------+-----
Fighting       | 1 3 4 |  4.2
Invocations    | 1 |  1.0
Dodging        | |  1.5
Stealth        | |  1.5
Spellcasting   | |  1.5
Conjurations   | |  1.0
Air Magic      | |  2.4

Action                   |  1- 3 |  4- 6 || total
-------------------------+-------+-------++-------
Melee: Unarmed           |     7 |       ||     7
       Spear             |    52 |       ||    52
 Cast: Shock             |    32 |       ||    32
Invok: Heroism           |     2 |       ||     2
  Use: Potion            |     4 |     1 ||     5
       Scroll            |     2 |       ||     2
 Stab: Sleeping          |     3 |       ||     3
  Eat: Chunk             |     1 |       ||     1
Armor: Robe              |    14 |       ||    14
Dodge: Dodged            |    63 |       ||    63

Table legend:
 A = Spawn XP
 B = Non-spawn XP
 C = Spawn XP percentage of total XP
 D = Spawn monster count
 E = Non-spawn monster count
 F = Spawn count percentage of total count
 G = Total turns spent on level
                    A         B        C        D         E        F      G
               +---------+---------+-------+---------+---------+-------+---------
         Total |       0 |      94 |   0.0 |       0 |      34 |   0.0 |   846
               +---------+---------+-------+---------+---------+-------+---------
           D:1 |       0 |      43 |   0.0 |       0 |      19 |   0.0 |   494
           D:2 |       0 |      10 |   0.0 |       0 |       5 |   0.0 |   145
           D:3 |       0 |      41 |   0.0 |       0 |      10 |   0.0 |   207
               +---------+---------+-------+---------+---------+-------+---------
